 Dungeon Crawl Stone Soup version 0.28-a0-662-g1651b1f1e0 (webtiles) character file.

Game seed: 1668402963500806578

143131 flotson the Protected (level 16, -19/129 HPs)
             Began as a Demonspawn Delver on Oct 14, 2021.
             Was an Initiate of Gozag.
             Killed from afar by a fire dragon (33 damage)
             ... with a blast of flame
             ... on level 4 of the Swamp on Oct 15, 2021.
             The game lasted 01:04:20 (29229 turns).

flotson the Protected (Demonspawn Delver)          Turns: 29229, Time: 01:04:22

Health: -19/129    AC: 36    Str: 22    XL:     16   Next: 82%
Magic:  0/16       EV: 13    Int: 12    God:    Gozag
Gold:   2699       SH: 16    Dex: 14    Spells: 15/15 levels left

rFire   . . .      SeeInvis .   a - +6 broad axe (flame)
rCold   + . .      Faith    .   n - +0 tower shield
rNeg    + + .      Spirit   +   Y - +13 plate armour "Jaobrie" {rN+ Dex-3 Stlth+}
rPois   +          Reflect  .   N - +0 helmet of Laroj {Rampage Str+8}
rElec   +          Harm     .   s - +2 cloak
rCorr   +          Rampage  +   (gloves unavailable)
Will    +....                   f - +0 pair of boots
Stlth   ..........              X - amulet of guardian spirit
HPRegen 0.31/turn               i - +4 ring of slaying
MPRegen 0.15/turn               R - ring "Tommel" {rElec rPois rN+ rCorr Str-5}

@: studying Dodging, repel missiles, very slow
A: repulsion field 3, powered by death 2, spiny 2, demonic touch 3, agile 1,
cold resistance 1
a: Renounce Religion, Potion Petition, Call Merchant, Bribe Branch


You were on level 4 of the Swamp.
You worshipped Gozag.
Gozag was most pleased with you.
You visited 5 branches of the dungeon, and saw 28 of its levels.
You also visited: Gauntlet.

You collected 8260 gold pieces.
You spent 4244 gold pieces at shops.
You paid 1317 gold pieces to Gozag.

Inventory:

Hand Weapons
 a - a +6 broad axe of flaming (weapon)
 b - a +3 broad axe of draining
Missiles
 d - 3 datura-tipped darts
 v - 8 javelins (quivered)
 z - 12 silver javelins
 B - 2 atropa-tipped darts
 L - 10 curare-tipped darts
 T - 2 boomerangs of dispersal
Armour
 f - a +0 pair of boots (worn)
 n - a +0 tower shield (worn)
 s - a +2 cloak (worn)
 N - the +0 helmet of Laroj (worn) {Rampage Str+8}
   (You found it in a Gauntlet)

   Str:       It affects your strength (+8).
   Rampage:   It bestows one free step when moving towards enemies.
 Y - the +13 plate armour "Jaobrie" (worn) {rN+ Dex-3 Stlth+}
   (You bought it in a shop on level 2 of the Orcish Mines)

   Dex:       It affects your dexterity (-3).
   rN:        It protects you from negative energy.
   Stlth:     It makes you more stealthy.
Jewellery
 i - a +4 ring of slaying (left hand)
 k - a +4 ring of slaying
 D - a ring of protection from fire
 R - the ring "Tommel" (right hand) {rElec rPois rN+ rCorr Str-5}
   (You found it on level 2 of the Lair of Beasts)

   [ring of resist corrosion]

   Str:       It affects your strength (-5).
   rElec:     It insulates you from electricity.
   rPois:     It protects you from poison.
   rN:        It protects you from negative energy.
   rCorr:     It protects you from acid and corrosion.
 V - a ring of flight
 X - an amulet of guardian spirit (around neck)
Wands
 g - a wand of digging (21)
 x - a wand of acid (12)
 y - a wand of mindburst (15)
 G - a wand of flame (27)
 K - a wand of iceblast (24)
 U - a wand of paralysis (9)
Scrolls
 c - 3 scrolls of fog
 e - 2 scrolls of magic mapping
 j - a scroll of fear
 l - 3 scrolls of immolation
 r - 5 scrolls of silence
 u - 5 scrolls of teleportation
 A - a scroll of blinking
 C - 5 scrolls of enchant armour
 H - 2 scrolls of torment
 J - 2 scrolls of holy word
 O - 2 scrolls of summoning
 Q - a scroll of vulnerability
 Z - 6 scrolls of identify
Potions
 h - a potion of invisibility
 m - 8 potions of curing
 o - a potion of cancellation
 p - 8 potions of lignification
 q - a potion of might
 F - 3 potions of haste
 I - 2 potions of attraction
 M - 2 potions of berserk rage
 P - 2 potions of mutation
 W - 2 potions of resistance
Miscellaneous
 t - a condenser vane
 E - a piece from Xom's chessboard (15/15)
 S - a box of beasts


   Skills:
 + Level 12.6 Fighting
 + Level 11.3 Axes
 + Level 11.2 Throwing
 + Level 13.6 Armour
 + Level 13.5 Dodging
 - Level 4.5 Stealth
 + Level 10.5 Shields
 + Level 11.9 Evocations


You had 15 spell levels left.
You didn't know any spells.
Your spell library contained the following spells:

 Spells                   Type           Power      Damage    Failure   Level
 Foxfire                  Conj/Fire      0%         2x1d4     100%        1
 Pain                     Necr           0%         1d4       100%        1
 Summon Small Mammal      Summ           0%         N/A       100%        1
 Corpse Rot               Necr/Air       N/A        N/A       100%        2
 Slow                     Hex            0%         N/A       100%        2
 Static Discharge         Conj/Air       0%         N/A       100%        2
 Sublimation of Blood     Necr           0%         N/A       100%        2
 Wereblood                Tmut           0%         N/A       100%        2
 Call Canine Familiar     Summ           0%         N/A       100%        3
 Confusing Touch          Hex            0%         N/A       100%        3
 Conjure Flame            Conj/Fire      0%         6-21      100%        3
 Dazzling Flash           Conj/Hex       0%         N/A       100%        3
 Gell's Gravitas          Tloc           0%         N/A       100%        3
 Ignite Poison            Fire/Tmut/Pois 0%         N/A       100%        3
 Inner Flame              Hex/Fire       0%         N/A       100%        3
 Lesser Beckoning         Tloc           0%         N/A       100%        3
 Portal Projectile        Hex/Tloc       0%         N/A       100%        3
 Summon Guardian Golem    Hex/Summ       0%         N/A       100%        3
 Teleport Other           Tloc           0%         N/A       100%        3
 Dispel Undead            Necr           0%         3d6       100%        4
 Flame Wave               Conj/Fire      0%         3d3       100%        4
 Iskenderun's Mystic Bla  Conj/Tloc      0%         2d3       100%        4
 Leda's Liquefaction      Hex/Erth       0%         N/A       100%        4
 Petrify                  Tmut/Erth      0%         N/A       100%        4
 Sticky Flame             Conj/Fire      0%         2d3       100%        4
 Summon Lightning Spire   Summ/Air       0%         N/A       100%        4
 Agony                    Necr           0%         N/A       100%        5
 Blade Hands              Tmut           0%         N/A       100%        5
 Excruciating Wounds      Necr           0%         N/A       100%        5
 Metabolic Englaciation   Hex/Ice        0%         N/A       100%        5
 Yara's Violent Unravell  Hex/Tmut       0%         3d3       100%        5
 Death Channel            Necr           0%         N/A       100%        6
 Dispersal                Tloc           0%         N/A       100%        6
 Starburst                Conj/Fire      0%         6d3       100%        6
 Statue Form              Tmut/Erth      0%         N/A       100%        6
 Storm Form               Tmut/Air       0%         N/A       100%        7
 Summon Hydra             Summ           0%         N/A       100%        7
 Disjunction              Tloc           0%         N/A       100%        8
 Maxwell's Capacitive Co  Air            0%         ∞         100%        8
 Summon Horrible Things   Summ           0%         N/A       100%        8


Dungeon Overview and Level Annotations

Branches:
Dungeon (15/15)            Temple (1/1) D:4            Lair (6/6) D:8
  Swamp (4/4) Lair:3        Snake (0/4) Lair:2        Slime (0/5) Lair:5
    Orc (2/2) D:11            Elf (0/3) Orc:2        Vaults (0/5) D:13
 Depths (0/4) D:15        Gauntlet (visited)

Altars:
Ashenzari
Cheibriados
Dithmenos
Elyvilon
Fedhas
Gozag
Hepliaklqana
Kikubaaqudgha
Makhleb
Nemelex Xobeh
Okawaru
Qazlal
Ru
Sif Muna
Trog
Uskayaw
Vehumet
Wu Jian
Xom
Yredelemnul
Zin
The Shining One
Beogh
Jiyva

Shops:
D:7 :   D:8 (   D:9 *   D:11 [   D:15 **   Orc:2 [(=


Innate Abilities, Weirdness & Mutations

You are surrounded by a strong repulsion field. (EV +4, RMsl)
You regenerate health from kills.
You are mostly covered in sharp spines.
Your touch may irresistibly damage your foes and sap their willpower.
You are agile. (Dex +2)
Your flesh is cold resistant. (rC+)


Message History

The fire dragon claws you but does no damage.
The fire dragon closely misses you.
The will-o-the-wisp gestures.
The will-o-the-wisp conjures some foxfire!
A shambling mangrove comes into view. 2 foxfires come into view.
Your unstable footing causes you to fumble your attack.
The foxfire hits you.
The swamp worm is struck by your spines.
The swamp worm closely misses you.
A swamp drake comes into view.
You block the fire dragon's attack. x2
The fire dragon tramples you but does no damage.
The swamp worm barely misses you.
The swamp drake roars!
The foxfire hits you but does no damage.
The swamp worm fires a harpoon shot at you.
You block the harpoon shot. The fire dragon breathes flames at you.
The blast of flame hits you!!
The will-o-the-wisp gestures.
The will-o-the-wisp conjures some foxfire!
You hear a roar!
You hear an angry hiss. 2 foxfires come into view.
The foxfire hits you but does no damage.
The swamp worm fires a harpoon shot at you.
You block the harpoon shot. The foxfire hits you!
The fire dragon breathes flames at you. The blast of flame hits you!!!
* * * LOW HITPOINT WARNING * * *
The swamp worm fires a harpoon shot at you.
The harpoon shot hits you.
* * * LOW HITPOINT WARNING * * *
You are yanked forward by the harpoon shot.
Splash!
A swamp drake comes into view.
The fire dragon breathes flames at you. The blast of flame hits you!!
You die...
Your body crumbles into a pile of gold.

≈≈≈.....≈≈≈...♣♣♣♣♣♣≈♣♣♣
≈.≈≈≈≈..≈≈§≈.§≈♣♣ ♣≈.♣
♣≈≈≈≈≈≈≈≈≈≈≈..♣♣♣♣§♣
♣≈≈≈≈≈≈≈.≈≈≈§§≈≈♣..♣♣
♣♣.≈.≈..≈≈≈≈≈≈≈.≈≈≈.♣
♣...≈≈.♣♣≈≈≈≈.♣.≈≈≈♣
♣♣♣.≈≈≈♣♣♣≈..♣♣.≈≈≈♣
♣≈≈≈≈.♣♣≈.§.♣♣..≈♣
♣♣.≈≈≈♣♣(D@.≈♣♣♣♣♣
≈♣♣♣♣♣♣≈D§w♣♣
≈....≈≈.≈≈w§.♣
...≈≈≈≈≈≈≈§§≈♣
≈..≈≈≈≈≈≈vk§.♣
..≈≈≈≈≈≈f§≈♣
≈k≈≈≈.≈≈≈§♣♣ ≈≈≈..≈♣≈≈§♣
$.♣≈.≈....♣


You could see a shambling mangrove, a fire dragon (catching breath), a swamp
dragon, a will-o-the-wisp, 2 swamp worms and 2 swamp drakes.

Vanquished Creatures
  Nikola (Swamp:3)
  Mlioglotl (Swamp:2)
  Frances (D:12)
  Agnes (D:14)
  Gastronok (D:12)
  Donald (Swamp:3)
  Kirke (D:12)
  A fenstrider witch (Swamp:2)
  An orc warlord (D:11)
  3 bunyips
  A minotaur (Gauntlet)
  9 eleionomae
  Snorg (Lair:4)
  Josephine (D:14)
  2 shambling mangroves
  2 fire dragons
  4 vault guards (D:13)
  11 hydras
  A ghost crab (Swamp:1)
  An ice dragon (Lair:3)
  An ogre mage (Orc:2)
  2 boulder beetles
  A death knight (D:11)
  A catoblepas (Lair:6)
  2 centaur warriors
  7 alligators
  9 two-headed ogres
  23 death yaks
  A tengu warrior (D:15)
  4 orc high priests
  15 spriggans
  5 goliath frogs
  6 spriggan druids (Swamp:2)
  10 swamp dragons
  2 wizards (D:15)
  2 necromancers
  3 bog bodies (Swamp:2)
  2 lindwurms (Lair:6)
  5 orc knights
  A deep elf zephyrmancer (D:15)
  A deep elf pyromancer (D:14)
  3 manticores (D:14)
  Pikel (D:4)
  An orc sorcerer (Orc:2)
  3 ugly things
  4 elephants (Lair:5)
  2 will-o-the-wisps
  A salamander (shapeshifter) (D:13)
  7 cyclopes
  An ice statue (Lair:3)
  6 torpor snails
  A gargoyle (D:10)
  9 black mambas
  13 cane toads
  3 rime drakes
  An unseen horror (D:13)
  An unseen horror (shapeshifter) (D:13)
  3 komodo dragons
  A tengu conjurer (D:15)
  3 trolls
  Grinder (D:3)
  3 polar bears
  A harpy skeleton (D:15)
  9 tyrant leeches
  9 slime creatures (D:13)
  23 hornets
  10 blink frogs
  A meliai zombie (D:15)
  3 centaur simulacra
  5 vampires
  4 wraiths (D:14)
  A shadow (D:11)
  5 basilisks
  3 hogs (D:12)
  62 yaks
  A golden eye (shapeshifter) (D:14)
  Grum (D:11)
  6 wyverns
  A spectral komodo dragon (Gauntlet)
  11 vampire mosquitoes
  4 wargs
  10 swamp worms
  22 water moccasins
  4 swamp drakes
  An acid dragon (D:10)
  27 orc warriors
  6 ice beasts
  A sky beast (D:5)
  A black bear (D:5)
  10 ogres
  33 wolves
  8 centaurs
  A lemure (D:3)
  A phantom (D:4)
  4 kobold brigands
  A gnoll sergeant (D:13)
  11 bullfrogs
  4 scorpions
  11 killer bees
  A water moccasin skeleton (D:5)
  4 wights (D:5)
  A howler monkey (D:5)
  A bullfrog zombie (D:6)
  2 centaur zombies
  4 hounds
  Crazy Yiuf (D:2)
  8 orc priests
  A bullfrog skeleton (D:4)
  2 centaur skeletons
  4 iguanas
  Natasha (thrice) (D:4)
  15 orc wizards
  A howler monkey zombie (D:5)
  7 gnolls
  8 adders
  3 white imps
  An ufetubus (D:5)
  2 adder skeletons (D:4)
  2 worms
  4 dart slugs
  36 orcs
  7 endoplasms
  A giant cockroach (D:3)
  9 hobgoblins
  21 kobolds
  5 quokkas
  8 ball pythons
  5 bats
  2 frilled lizards (D:2)
  6 goblins
  3 rats
710 creatures vanquished.

Vanquished Creatures (others)
  Jorgrun (Swamp:3)
  A swamp dragon (Swamp:3)
  A deep elf pyromancer (D:15)
  A bloated husk (Swamp:2)
  A spriggan (Swamp:2)
  A swamp drake (Swamp:4)
  36 foxfires
  64 fungi
  84 plants
190 creatures vanquished.

Grand Total: 900 creatures vanquished

Notes
Turn   | Place    | Note
-------+----------+-------------------------------------------
     0 | D:5      | flotson the Demonspawn Delver began the quest for the Orb.
     0 | D:5      | Reached XP level 1. HP: 18/18 MP: 1/1
     1 | D:5      | Noticed a sky beast
    36 | D:4      | Noticed Natasha
   312 | D:3      | Noticed an orc wizard
   617 | D:2      | Gained mutation: You are partially covered in sharp spines.
                  | [demonic ancestry]
   617 | D:2      | Reached XP level 2. HP: 21/24 MP: 2/2
  1043 | D:2      | Gained mutation: Your touch may inflict minor irresistible
                  | damage on your foes. [demonic ancestry]
  1043 | D:2      | Reached XP level 3. HP: 17/29 MP: 3/3
  1201 | D:2      | Reached skill level 1 in Throwing
  1266 | D:2      | Reached skill level 1 in Armour
  1853 | D:1      | Found a faded altar of an unknown god.
  2062 | D:2      | Gained mutation: You regenerate a little health from kills.
                  | [demonic ancestry]
  2062 | D:2      | Reached XP level 4. HP: 35/35 MP: 4/4
  2249 | D:2      | Noticed a scorpion
  2259 | D:2      | Killed a scorpion
  2536 | D:2      | Found a runed translucent door.
  2537 | D:2      | Noticed Crazy Yiuf
  2646 | D:2      | Killed Crazy Yiuf
  2647 | D:2      | Gained mutation: You are surrounded by a mild repulsion
                  | field. (EV +2) [demonic ancestry]
  2647 | D:2      | Reached XP level 5. HP: 28/42 MP: 5/5
  2824 | D:3      | Noticed an ogre
  2831 | D:3      | Killed an ogre
  2978 | D:3      | Reached XP level 6. HP: 48/48 MP: 6/6
  3132 | D:3      | Noticed Grinder
  3139 | D:3      | Paralysed by Grinder for 3 turns
  3144 | D:3      | Killed Grinder
  3145 | D:3      | Reached skill level 1 in Evocations
  3250 | D:3      | Gained mutation: Your touch may inflict irresistible damage
                  | on your foes. [demonic ancestry]
  3250 | D:3      | Reached XP level 7. HP: 54/54 MP: 7/7
  3251 | D:3      | Found a stormy altar of Qazlal.
  3253 | D:3      | Noticed a fire elemental
  3254 | D:3      | Noticed an air elemental
  3254 | D:3      | Noticed a water elemental
  3626 | D:4      | Killed Natasha
  3867 | D:4      | Noticed Pikel
  4090 | D:4      | Noticed Natasha
  4097 | D:4      | Killed Natasha
  4115 | D:4      | Killed Pikel
  4116 | D:4      | Reached skill level 5 in Fighting
  4116 | D:4      | Reached XP level 8. HP: 39/62 MP: 8/8
  4139 | D:4      | Noticed Natasha
  4147 | D:4      | Killed Natasha
  4338 | D:4      | Found a staircase to the Ecumenical Temple.
  4349 | Temple   | Entered the Ecumenical Temple
  4848 | D:5      | Identified the +1 ring mail of the Evening Star {+Blink
                  | rPois rCorr}
  4882 | D:5      | Found a broken altar of Ashenzari.
  5257 | D:5      | Reached skill level 1 in Shields
  5498 | D:5      | Reached XP level 9. HP: 68/69 MP: 9/9
  6226 | D:6      | Found a hazy altar of Hepliaklqana.
  6624 | D:6      | Reached skill level 5 in Dodging
  6862 | D:7      | Reached skill level 5 in Axes
  7022 | D:7      | Found Xuhonnag's Self-Improvement Boutique.
  7682 | D:7      | Found a hide-covered altar of Uskayaw.
  7884 | D:8      | Found a staircase to the Lair.
  7886 | D:8      | Noticed a komodo dragon
  7911 | D:8      | Found Kanu's Hydra Hut.
  7914 | D:8      | Noticed an eight-headed hydra
  7917 | D:8      | Bought a +3 broad axe of flaming for 242 gold pieces
  7944 | D:8      | Got the Collected Works on Summoning
  8284 | D:8      | Reached skill level 5 in Armour
  8285 | D:8      | Reached skill level 5 in Throwing
  8608 | D:8      | Gained mutation: You are mostly covered in sharp spines.
                  | [demonic ancestry]
  8608 | D:8      | Reached XP level 10. HP: 77/77 MP: 10/10
  8749 | D:8      | Found Kanu's Hydra Hut.
  9787 | D:9      | Found Feliy's Demolitions Depot.
  9909 | D:9      | Reached skill level 5 in Evocations
 10673 | D:9      | Found a sacrificial altar of Ru.
 10677 | D:9      | Found a snail-covered altar of Cheibriados.
 10682 | D:9      | Found an opulent altar of Gozag.
 10954 | D:9      | Became a worshipper of Gozag Ym Sagoz the Greedy
 10994 | D:10     | Entered Level 10 of the Dungeon
 11025 | D:10     | Noticed a two-headed ogre
 11277 | D:10     | Killed a two-headed ogre
 11278 | D:10     | Gained mutation: Your touch may irresistibly damage your
                  | foes and sap their willpower. [demonic ancestry]
 11278 | D:10     | Reached XP level 11. HP: 84/84 MP: 11/11
 11606 | D:11     | Noticed a two-headed ogre
 11618 | D:11     | Killed a two-headed ogre
 11620 | D:11     | Noticed a death knight
 11626 | D:11     | Found Calairgh's Antique Armour Emporium.
 11636 | D:11     | Found a gate leading to a gauntlet.
 11641 | Gauntlet | Entered a Gauntlet
 11641 | Gauntlet | Noticed a death scarab
 11641 | Gauntlet | Found a transporter.
 11684 | Gauntlet | Found a transporter.
 11685 | Gauntlet | Found a transporter.
 11696 | Gauntlet | Found a transporter.
 11696 | Gauntlet | Found a transporter.
 11697 | Gauntlet | Found a transporter.
 11706 | Gauntlet | Found a transporter.
 11708 | Gauntlet | Found a transporter.
 11709 | Gauntlet | Found a transporter.
 11717 | Gauntlet | Found a transporter.
 11720 | Gauntlet | Found a transporter.
 11721 | Gauntlet | Found a transporter.
 11723 | Gauntlet | Noticed a thrashing horror
 11724 | Gauntlet | Noticed an obsidian statue
 11725 | Gauntlet | Found a runed translucent door.
 11727 | Gauntlet | Found a runed translucent door.
 11728 | Gauntlet | Noticed a thrashing horror
 11729 | Gauntlet | Found a transporter.
 11789 | Gauntlet | Found a transporter.
 11902 | Gauntlet | Noticed a minotaur
 11903 | Gauntlet | Gained mutation: You are agile. (Dex +2) [potion of
                  | mutation]
 11903 | Gauntlet | Gained mutation: Your flesh is cold resistant. (rC+)
                  | [potion of mutation]
 11911 | Gauntlet | Killed a minotaur
 11916 | Gauntlet | Found the ring of the Octopus King
 11919 | Gauntlet | Identified the +1 leather armour "Ejuocrisa" {rPois Int-4
                  | Dex+4}
 11919 | Gauntlet | Identified the +0 helmet of Laroj {Rampage Str+8}
 11919 | Gauntlet | Identified the +1 short sword of Royalism {drain, Str+3}
 11919 | Gauntlet | Identified a ring of the Octopus King {rN+ AC+1 EV+1 Str+1
                  | Int+1 Dex+1}
 12076 | D:11     | Found a staircase to the Orcish Mines.
 12203 | D:11     | Found a shimmering altar of Xom.
 12204 | D:11     | Found a shimmering altar of Xom.
 12204 | D:11     | Found a shimmering altar of Xom.
 12204 | D:11     | Found a shimmering altar of Xom.
 12204 | D:11     | Found a shimmering altar of Xom.
 12205 | D:11     | Found a shimmering altar of Xom.
 12206 | D:11     | Found a shimmering altar of Xom.
 12206 | D:11     | Found a shimmering altar of Xom.
 12206 | D:11     | Found a shimmering altar of Xom.
 12295 | D:11     | Noticed Grum
 12299 | D:11     | Reached skill level 5 in Shields
 12305 | D:11     | Killed Grum
 12424 | Lair:1   | Entered Level 1 of the Lair of Beasts
 13086 | Lair:2   | Found a shimmering blue altar of Sif Muna.
 13387 | Lair:2   | Gained mutation: You are surrounded by a moderate repulsion
                  | field. (EV +3) [demonic ancestry]
 13387 | Lair:2   | Reached XP level 12. HP: 85/94 MP: 12/12
 13477 | D:7      | Bought a manual of Armour for 880 gold pieces
 13530 | Lair:2   | Found a staircase to the Snake Pit.
 13591 | Lair:2   | Identified the ring "Tommel" {rElec rPois rN+ rCorr Str-5}
 14180 | Lair:3   | Noticed an ice dragon
 14200 | Lair:3   | Noticed a death yak
 14200 | Lair:3   | Noticed a death yak
 14212 | Lair:3   | Killed a death yak
 14217 | Lair:3   | Killed a death yak
 14305 | Lair:3   | Killed an ice dragon
 14433 | Lair:4   | Noticed a death yak
 14433 | Lair:4   | Noticed a death yak
 14444 | Lair:4   | Noticed a death yak
 14445 | Lair:4   | Noticed a death yak
 14445 | Lair:4   | Noticed a death yak
 14446 | Lair:4   | Noticed a death yak
 14458 | Lair:3   | Killed a death yak
 14608 | Lair:3   | Found a staircase to the Swamp.
 15401 | Lair:4   | Reached XP level 13. HP: 101/101 MP: 13/13
 15664 | D:7      | Bought a manual of Dodging for 880 gold pieces
 15770 | Lair:4   | Noticed Snorg
 15777 | Lair:4   | Killed Snorg
 16757 | Lair:4   | Reached skill level 10 in Fighting
 16851 | Lair:5   | Reached skill level 10 in Armour
 17180 | Lair:5   | Gained mutation: You are surrounded by a strong repulsion
                  | field. (EV +4, RMsl) [demonic ancestry]
 17180 | Lair:5   | Reached XP level 14. HP: 96/110 MP: 14/14
 17371 | Lair:5   | Found a viscous altar of Jiyva.
 17372 | Lair:5   | Found a staircase to the Slime Pits.
 17736 | Lair:6   | Entered Level 6 of the Lair of Beasts
 17740 | Lair:6   | Reached skill level 10 in Dodging
 18501 | Lair:6   | Found a runed translucent door.
 18541 | Lair:6   | Paralysed by a hornet for 1 turns
 19328 | Orc:1    | Entered Level 1 of the Orcish Mines
 19713 | Orc:2    | Entered Level 2 of the Orcish Mines
 19727 | Orc:2    | Found Qostrueni's General Store.
 19793 | Orc:2    | Found Fur Laruuni's Antique Weapon Shop.
 19896 | Orc:2    | Found Yxkev's Antique Armour Shoppe.
 19903 | Orc:2    | Reached skill level 10 in Evocations
 19958 | Orc:2    | Found a staircase to the Elven Halls.
 20003 | Orc:2    | Found Nirugus's Jewellery Shop.
 20003 | Orc:2    | Noticed an orc warlord
 20011 | Orc:2    | HP: 2/111 [orc warlord (43)]
 20240 | D:11     | Killed an orc warlord
 20771 | Orc:2    | Bought a jewelled plate armour for 896 gold pieces
 20771 | Orc:2    | Identified the +8 plate armour "Mohurofi" {rF+ rN++ Dex+4}
                  | (You bought it in a shop on level 2 of the Orcish Mines)
 20771 | Orc:2    | Bought a steaming plate armour for 896 gold pieces
 20771 | Orc:2    | Identified the +13 plate armour "Jaobrie" {rN+ Dex-3
                  | Stlth+} (You bought it in a shop on level 2 of the Orcish
                  | Mines)
 21342 | D:12     | Noticed Gastronok
 21364 | D:12     | Killed Gastronok
 21365 | D:12     | Reached XP level 15. HP: 118/118 MP: 15/15
 21431 | D:12     | Noticed Frances
 21441 | D:12     | Killed Frances
 21442 | D:12     | Reached skill level 10 in Axes
 21856 | D:12     | Noticed Kirke
 21863 | D:12     | Killed Kirke
 22223 | D:13     | Found a gate to the Vaults.
 22232 | D:13     | Reached skill level 10 in Throwing
 22905 | D:14     | Noticed Agnes
 22911 | D:14     | Killed Agnes
 23314 | D:14     | Noticed Josephine
 23324 | D:14     | Killed Josephine
 23602 | D:15     | Entered Level 15 of the Dungeon
 24493 | D:15     | Found a staircase to the Depths.
 24575 | D:15     | Bought a scroll of silence for 90 gold pieces
 24575 | D:15     | Bought a potion of invisibility for 96 gold pieces
 24581 | D:15     | Bought a faintly glowing gossamer ring for 220 gold pieces
 24581 | D:15     | Identified the ring "Udghoq" {Ice Dex+4} (You bought it in
                  | a shop on level 15 of the Dungeon)
 24581 | D:15     | Bought a scroll labelled PURGHUPLE IWNU for 44 gold pieces
 24807 | Swamp:1  | Entered Level 1 of the Swamp
 25342 | Swamp:1  | Gained mutation: You regenerate health from kills. [demonic
                  | ancestry]
 25342 | Swamp:1  | Reached XP level 16. HP: 103/126 MP: 16/16
 25619 | Swamp:2  | Noticed Mlioglotl
 25666 | Swamp:2  | Killed Mlioglotl
 26218 | Swamp:2  | Reached skill level 10 in Shields
 26509 | Swamp:2  | Paralysed by a fenstrider witch for 6 turns
 27362 | Swamp:3  | Noticed Donald
 27376 | Swamp:3  | HP: 1/127 [Donald (16)]
 27378 | Swamp:3  | Killed Donald
 28006 | Swamp:3  | Noticed Jorgrun
 28007 | Swamp:3  | Noticed Nikola
 28010 | Swamp:3  | Killed Jorgrun
 28021 | Swamp:3  | Killed Nikola
 28927 | Swamp:4  | Entered Level 4 of the Swamp
 29229 | Swamp:4  | Killed from afar by a fire dragon

Illustrated notes

Levels and vault maps discovered:
D:1:      minmay_arrival_glassed_features, layout_rooms,
          shapermc_ecumenical_altar_mp_ritualfount
D:2:      layout_basic, uniq_crazy_yiuf_cottage
D:3:      layout_basic, nicolae_qazlal_style_of_elements, uniq_grinder
D:4:      layout_gridville, minmay_temple_entry_trees, uniq_pikel, uniq_natasha
D:5:      layout_cave_pools, zin_treasury, evilmike_ruin_ashenzari,
          palyth_stone_intersect
D:6:      layout_loops_cross, nicolae_hepliaklqana_hazy_memory
D:7:      layout_basic, nicolae_uskayaw_dance_studio, nicolae_shop_self_help
D:8:      layout_cave_pods, david_lair_shrubbed, doesnt_shop_hydraphobe
D:9:      layout_layer_cave, grunt_temple_overflow_diamond,
          minmay_misc_feat_room, nicolae_blasting_shop
D:10:     layout_rooms
D:11:     layout_loops_corners, orc_0_dummy, serial_shops,
          nicolae_stop_n_shop_2, gauntlet_entry_generic, fungi_pond_lemuel,
          xom_shifter_show, uniq_grum
D:12:     layout_irregular_city, uniq_gastronok, uniq_kirke, uniq_frances
D:13:     layout_cave_pools, lightli_vaults_fourway_checkpoint,
          kennysheep_cross_bottleneck, grunt_ministairs_15
D:14:     layout_layer_cave, solitary_fountain, uniq_agnes, uniq_josephine
D:15:     grunt_enter_depths_magical_seal, layout_loops_corners,
          minmay_crystal_room
Temple:   eino_temple_lava
Lair:1:   layout_roguey, lemuel_fruit_fields
Lair:2:   layout_gridlike, minmay_snake_entry_six_corridors, basic_altar,
          serial_bayou_pond_a, lemuel_fruit_tree, serial_bayou_shore_a
Lair:3:   layout_loops_ring, minmay_swamp_entry_reptiles, ice2_lemuel,
          infiniplex_staircase_pool
Lair:4:   layout_layer_cave, uniq_snorg
Lair:5:   layout_regular_city, slime_altar_1, chequers_serial_rivers_large_a
Lair:6:   wormcave, layout_cave_pods
Swamp:1:  layout_falls_marsh, evilmike_swamp_ruin_rubble_1, swamp_pool4
Swamp:2:  nicolae_swamp_standing_stones, layout_falls_marsh, serial_swamp_ruin,
          evilmike_swamp_ruin_rubble_2, evilmike_swamp_ruin_house_6,
          evilmike_swamp_ruin_house_1, nicolae_swamp_spriggan_camp,
          uniq_mlioglotl
Swamp:3:  layout_basic_swamp, evilmike_swamp_ruin_house_4, swamp_pool2,
          st_swamp_ruins_4, uniq_donald, uniq_nikola, uniq_jorgrun
Swamp:4:  swamp_fiery, layout_basic_swamp, nicolae_swamp_small_spring
Orc:1:    layout_caves
Orc:2:    grunt_orc_gardens, layout_diamond_mine, grunt_orc_garden,
          grunt_orc_garden, grunt_orc_garden, grunt_orc_garden, mines1_david

Skill      XL: |  1  2  3  4  5  6  7  8  9 10 11 12 13 14 15 16 |
---------------+-------------------------------------------------+-----
Axes           | 2 3 4 5 6 7 8 9 10 11 | 11.3
Dodging        | 2 3 4 5 6 7 8 9 11 12 13 | 13.5
Throwing       | 1 2 3 4 5 6 7 8 9 10 11 | 11.2
Armour         | 1 2 3 4 5 6 8 10 11 13 | 13.6
Fighting       | 4 5 6 7 8 9 10 11 12 | 12.6
Evocations     | 1 2 3 4 5 7 8 9 10 11 | 11.9
Shields        | 1 3 4 5 6 7 8 9 10 | 10.5
Stealth        | |  4.5

Action                   |  1- 3 |  4- 6 |  7- 9 | 10-12 | 13-15 | 16-18 || total
-------------------------+-------+-------+-------+-------+-------+-------++-------
Melee: Hand axe          |    90 |    14 |       |       |       |       ||   104
       Touch             |     8 |     4 |       |       |       |       ||    12
       Quarterstaff      |       |    38 |    69 |       |       |       ||   107
       War axe           |       |       |    74 |       |       |       ||    74
       Flail             |       |       |    48 |       |       |       ||    48
       Broad axe         |       |       |    18 |   365 |   811 |   398 ||  1592
 Fire: Hunting sling     |     2 |       |       |       |       |       ||     2
Throw: Dart              |     3 |     8 |     8 |       |     1 |     1 ||    21
       Javelin           |       |       |       |     6 |    20 |     9 ||    35
Invok: Call Merchant     |       |       |       |       |     2 |       ||     2
 Abil: Evoke Blink       |       |       |       |     1 |     2 |       ||     3
Evoke: Wand              |       |       |       |     2 |    15 |     5 ||    22
  Use: Scroll            |     2 |       |       |    17 |    13 |     4 ||    36
       Potion            |     1 |     1 |       |     3 |     1 |     5 ||    11
 Stab: Sleeping          |    10 |     4 |     6 |     7 |     4 |       ||    31
       Paralysed         |       |     1 |       |       |       |       ||     1
       Distracted        |       |       |       |     5 |    12 |     3 ||    20
       Petrifying        |       |       |       |       |     1 |       ||     1
       Petrified         |       |       |       |       |     1 |       ||     1
       Confused          |       |       |       |       |       |     5 ||     5
Armor: Leather armour    |    32 |       |       |       |       |       ||    32
       Ring mail         |     5 |    13 |   103 |   122 |   109 |       ||   352
       Scale mail        |       |       |       |     4 |       |       ||     4
       Plate armour      |       |       |       |       |   269 |   324 ||   593
Dodge: Dodged            |    46 |    28 |   100 |   191 |   480 |   194 ||  1039
       Repelled          |       |       |       |       |     6 |     7 ||    13
Block: Tower shield      |       |       |   124 |   368 |   843 |   369 ||  1704

Table legend: (Time is in decaauts)
 A = Elapsed time spent in this place.
 B = Non-inter-level travel time spent in this place.
 C = Inter-level travel time spent in this place.
 D = Time resting spent in this place.
 E = Time spent auto-exploring this place.
 F = Levels seen in this place.
 G = Mean time per level.
                   A        B        C        D        E       F      G
               +--------+--------+--------+--------+--------+-----+--------+
         Total |  30584 |  28389 |   2195 |    929 |  21223 |  29 | 1054.6 |
       Dungeon |  16902 |  15592 |   1310 |    414 |  12317 |  15 | 1126.8 |
        Temple |     66 |     55 |     11 |      0 |     48 |   1 |   66.0 |
          Lair |   7264 |   6599 |    665 |    197 |   4841 |   6 | 1210.7 |
         Swamp |   4641 |   4513 |    128 |    183 |   3152 |   4 | 1160.2 |
  Orcish Mines |   1386 |   1307 |     79 |    100 |    685 |   2 |  693.0 |
      Gauntlet |    323 |    323 |      0 |     35 |    178 |   1 |  323.0 |
               +--------+--------+--------+--------+--------+-----+--------+

Top non-repeatable levels by time:
     D:8: 1962 daAuts
     D:2: 1916 daAuts
 Swamp:2: 1894 daAuts
 Swamp:3: 1832 daAuts
     D:9: 1579 daAuts
  Lair:3: 1467 daAuts
  Lair:6: 1380 daAuts
  Lair:4: 1286 daAuts
  Lair:2: 1282 daAuts
  Lair:5: 1237 daAuts
     D:3: 1235 daAuts
    D:11: 1165 daAuts
     D:7: 1146 daAuts
     D:5: 1070 daAuts
    D:15: 1031 daAuts
